[Event "Polish Youth G18 Championship 2023"]
[Site "Jastrzebia Gora"]
[Date "2023.03.16"]
[Round "6.14"]
[White "Anyz, Monika"]
[Black "Szczotka, Matylda"]
[Result "1/2-1/2"]
[ECO "C22"]
[WhiteElo "1755"]
[BlackElo "1451"]
[Annotator "NA RC COMBH"]
[PlyCount "84"]
[EventDate "2023.03.11"]
[EventType "swiss"]
[EventCountry "POL"]
[SourceTitle "playchess.com"]
[Source "ChessBase"]
[SourceQuality "1"]
[TimeControl "40/5400+30:1800+30"]

1. e4 e5 2. d4 exd4 3. Qxd4 Nc6 4. Qe3 Nf6 5. Nc3 d6 6. Bc4 Be6 7. Bd3 Qe7 8. Bd2 g6 9. O-O-O Bg7 10. f4 O-O-O 11. Nf3 Kb8 12. Nb5 Ng4 13. Qg1 a6 14. Nbd4 Nxd4 15. Nxd4 c5 16. Nxe6 Qxe6 17. c3 Qxa2 18. h3 Nf6 19. Re1 Nd7 20. Kc2 c4 21. Be2 Qa4+ 22. Kb1 Nc5 23. Bd1 Nb3 24. Re2 Rc8 25. Qb6 Qa1+ 26. Kc2 Rc6 27. Qb4 Bf8 28. Qa3 Qxa3 29. bxa3 Bh6 30. g3 Rd8 31. Kb2 Nc5 32. Bc2 Bg7 33. Rhe1 Rdc8 34. Re3 a5 35. a4 Rb6+ 36. Ka2 Rd8 37. g4 Ka8 38. f5 Nd7 39. fxg6 hxg6 40. Rf1 Ne5 41. Rd1 Rh8 42. Rg3 Bf8 1/2-1/2

[Event "Polish Youth G18 Championship 2023"]
[Site "Jastrzebia Gora"]
[Date "2023.03.16"]
[Round "6.15"]
[White "Dallemura, Anna"]
[Black "Samol, Julia"]
[Result "0-1"]
[ECO "B44"]
[WhiteElo "1496"]
[BlackElo "1374"]
[Annotator "NA RC COMBH"]
[PlyCount "75"]
[EventDate "2023.03.11"]
[EventType "swiss"]
[EventCountry "POL"]
[SourceTitle "playchess.com"]
[Source "ChessBase"]
[SourceQuality "1"]
[TimeControl "40/5400+30:1800+30"]

1. e4 c5 2. Nf3 e6 3. d4 cxd4 4. Nxd4 Nc6 5. a3 a6 6. Nc3 Qc7 7. Be2 Nf6 8. O-O Be7 9. Kh1 O-O 10. f4 d6 11. Nf3 b5 12. Qe1 Bb7 13. Qg3 Na5 14. Bd3 Nc4 15. f5 e5 16. Bh6 Ne8 17. Nh4 Bf6 18. Bc1 Rc8 19. Qh3 Qa5 20. g4 Nxb2 21. Bxb2 Rxc3 22. Bxc3 Qxc3 23. Nf3 d5 24. Rae1 Nd6 25. exd5 Bxd5 26. Be2 Ne4 27. Rd1 Nd2 28. Rf2 Qxc2 29. Kg1 Bxf3 30. Bxf3 Nxf3+ 31. Qxf3 Qc5 32. Kh1 e4 33. Qg2 e3 34. Re2 Qxa3 35. g5 Qa4 36. Rg1 Be5 37. g6 h6 38. gxf7+ 0-1

[Event "Polish Youth G18 Championship 2023"]
[Site "Jastrzebia Gora"]
[Date "2023.03.16"]
[Round "6.16"]
[White "Olszewska, Wiktoria"]
[Black "Trybus, Dominika"]
[Result "1/2-1/2"]
[ECO "B12"]
[WhiteElo "1287"]
[BlackElo "1543"]
[Annotator "NA RC COMBH"]
[PlyCount "62"]
[EventDate "2023.03.11"]
[EventType "swiss"]
[EventCountry "POL"]
[SourceTitle "playchess.com"]
[Source "ChessBase"]
[SourceQuality "1"]
[TimeControl "40/5400+30:1800+30"]

1. e4 c6 2. d4 d5 3. e5 Bf5 4. h4 h6 5. c4 dxc4 6. Bxc4 e6 7. Nc3 Bb4 8. Nge2 Ne7 9. a3 Ba5 10. b4 Bb6 11. Bb2 a5 12. O-O O-O 13. Qd2 Na6 14. b5 Nc7 15. a4 Ng6 16. h5 Nxe5 17. Bb3 Nd7 18. Ng3 Bh7 19. bxc6 bxc6 20. Nce4 Qh4 21. Rfe1 Nd5 22. Rac1 Rac8 23. Ba3 Rfd8 24. Rcd1 N7f6 25. Nxf6+ Nxf6 26. Qe2 Bxd4 27. Qf3 Ng4 28. Re2 Ne5 29. Rxe5 Bxe5 30. Rxd8+ Rxd8 31. Bd1 Bxg3 1/2-1/2

[Event "Polish Youth G18 Championship 2023"]
[Site "Jastrzebia Gora"]
[Date "2023.03.16"]
[Round "6.17"]
[White "Pietrzak, Emilia"]
[Black "Pietruszka, Julia"]
[Result "1-0"]
[ECO "C41"]
[WhiteElo "1424"]
[BlackElo "1151"]
[Annotator "NA RC COMBH"]
[PlyCount "45"]
[EventDate "2023.03.11"]
[EventType "swiss"]
[EventCountry "POL"]
[SourceTitle "playchess.com"]
[Source "ChessBase"]
[SourceQuality "1"]
[TimeControl "40/5400+30:1800+30"]

1. e4 d6 2. d4 Nf6 3. Nc3 e5 4. Nf3 Nbd7 5. Bc4 Nb6 6. Bb3 Be7 7. dxe5 dxe5 8. Qxd8+ Bxd8 9. Nxe5 O-O 10. Be3 Nbd7 11. Nxd7 Bxd7 12. f3 Re8 13. O-O-O Be7 14. e5 Rad8 15. exf6 Bxf6 16. Rhe1 Rxe3 17. Rxe3 Bg5 18. Rdd3 Re8 19. Ne4 Bxe3+ 20. Rxe3 Kf8 21. Kd2 Rd8 22. Rd3 Ke7 23. Nc5 1-0

[Event "Polish Youth G18 Championship 2023"]
[Site "Jastrzebia Gora"]
[Date "2023.03.16"]
[Round "6.18"]
[White "Tittor, Weronika"]
[Black "Kaznowska, Kinga"]
[Result "0-1"]
[ECO "D00"]
[WhiteElo "1226"]
[BlackElo "1352"]
[Annotator "NA RC COMBH"]
[PlyCount "62"]
[EventDate "2023.03.11"]
[EventType "swiss"]
[EventCountry "POL"]
[SourceTitle "playchess.com"]
[Source "ChessBase"]
[SourceQuality "1"]
[TimeControl "40/5400+30:1800+30"]

1. d4 d5 2. Bf4 e6 3. Nf3 c5 4. e3 Nc6 5. c3 Nf6 6. Bd3 c4 7. Bc2 Bd6 8. Bg3 O-O 9. Nbd2 b5 10. Ne5 Bb7 11. b3 Qc7 12. f4 h6 13. O-O a5 14. Bh4 Bxe5 15. fxe5 Nh7 16. Qg4 Kh8 17. Rf3 Rg8 18. Raf1 Raf8 19. Qh5 f5 20. exf6 g5 21. Bg3 Qf7 22. Qxh6 Rd8 23. Be5 Nxe5 24. dxe5 d4 25. Rh3 d3 26. Bd1 Rg6 27. Qh5 cxb3 28. Bxb3 g4 29. Bxe6 gxh3 30. g3 Rxg3+ 31. hxg3 Qxh5 0-1

[Event "Polish Youth G18 Championship 2023"]
[Site "Jastrzebia Gora"]
[Date "2023.03.16"]
[Round "6.19"]
[White "Sivickis, Kornelia"]
[Black "Bauer, Marika"]
[Result "1-0"]
[ECO "C70"]
[WhiteElo "1328"]
[BlackElo "1183"]
[Annotator "NA RC COMBH"]
[PlyCount "107"]
[EventDate "2023.03.11"]
[EventType "swiss"]
[EventCountry "POL"]
[SourceTitle "playchess.com"]
[Source "ChessBase"]
[SourceQuality "1"]
[TimeControl "40/5400+30:1800+30"]

1. e4 e5 2. Nf3 Nc6 3. Bb5 a6 4. Ba4 b5 5. Bb3 Nf6 6. O-O Bc5 7. c3 Bb6 8. d4 exd4 9. cxd4 d5 10. e5 Ne4 11. Nc3 Nxc3 12. bxc3 Bg4 13. h3 Bh5 14. Re1 Qd7 15. Be3 O-O 16. a4 Na5 17. axb5 Bxf3 18. gxf3 Nxb3 19. Qxb3 axb5 20. Kh2 c6 21. Rad1 f6 22. f4 fxe5 23. dxe5 Bxe3 24. fxe3 Qa7 25. Ra1 Qc5 26. Qb4 Qxb4 27. cxb4 Ra4 28. Rxa4 bxa4 29. Ra1 Ra8 30. Ra3 Kf7 31. Kg3 Kg6 32. Kg4 Ra7 33. f5+ Kf7 34. h4 Ra8 35. Kg5 Ra7 36. h5 h6+ 37. Kf4 Ke7 38. e4 dxe4 39. Kxe4 Ra8 40. Kd4 Kd7 41. Kc5 Kc7 42. Rg3 Rd8 43. Rxg7+ Kb8 44. Kxc6 Rc8+ 45. Kb6 Re8 46. e6 a3 47. Ra7 Rf8 48. Rxa3 Rxf5 49. Re3 Rf6 50. Kc6 Kc8 51. b5 Kd8 52. b6 Ke7 53. b7 Rf8 54. Kc7 1-0

[Event "Polish Youth G18 Championship 2023"]
[Site "Jastrzebia Gora"]
[Date "2023.03.16"]
[Round "6.20"]
[White "Lopusiewicz, Marta"]
[Black "Nagly, Malgorzata"]
[Result "1-0"]
[ECO "D30"]
[WhiteElo "1180"]
[BlackElo "1041"]
[Annotator "NA RC COMBH"]
[PlyCount "82"]
[EventDate "2023.03.11"]
[EventType "swiss"]
[EventCountry "POL"]
[SourceTitle "playchess.com"]
[Source "ChessBase"]
[SourceQuality "1"]
[TimeControl "40/5400+30:1800+30"]

1. d4 d5 2. c4 e6 3. Nf3 c6 4. e3 Bd6 5. Bd3 f5 6. cxd5 cxd5 7. Nc3 Nf6 8. O-O O-O 9. Nb5 Be7 10. Bd2 a6 11. Nc3 Ne4 12. Ne5 Nd7 13. f4 Rf6 14. Bxe4 dxe4 15. Qb3 Rh6 16. Rfd1 Nxe5 17. dxe5 Bc5 18. Na4 Ba7 19. Be1 Qe8 20. Nb6 Bxb6 21. Qxb6 Qc6 22. Rd8+ Kf7 23. Ba5 Qxb6 24. Bxb6 a5 25. Rc1 Ra6 26. Bd4 Kg6 27. Rdxc8 Kh5 28. Rb8 g5 29. Rxb7 Rg6 30. Rxh7+ Rh6 31. Rxh6+ Kxh6 32. h3 Ra8 33. Rc6 Re8 34. Ra6 Kh5 35. Rxa5 Rc8 36. Rc5 Ra8 37. a3 g4 38. hxg4+ Kxg4 39. Kf2 Rh8 40. Rc6 Rh6 41. a4 Rh8 1-0